 Dungeon Crawl Stone Soup version 0.29.1-14-g9c671dbff4 (webtiles) character file.

Game seed: 8024173057086463909

480 leafyfresh the Covert (level 7, -1/60 HPs)
             Began as a Gnoll Delver on Feb 15, 2023.
             Slain by a troll (5 damage)
             ... on level 5 of the Dungeon.
             The game lasted 00:08:22 (5176 turns).

leafyfresh the Covert (Gnoll Delver)                Turns: 5176, Time: 00:08:24

Health: -1/60      AC:  3    Str: 11    XL:     7   Next: 12%
Magic:  0/3        EV: 15    Int: 12    God:
Gold:   362        SH:  0    Dex: 22    Spells: 7/10 levels left

rFire   + + +      SeeInvis .   v - +8 mace "Gaeghoha" {antimagic, *Slow rF+++ Int+3}
rCold   x . .      Faith    .   (no shield)
rNeg    . . .      Spirit   .   j - +1 robe of Hairiness {rElec rC- Dex+6}
rPois   .          Reflect  .   (no helmet)
rElec   +          Harm     .   (no cloak)
rCorr   .          Rampage  .   (no gloves)
Will    .....                   (no boots)
Stlth   +++++.....              h - amulet of the acrobat
HPRegen 0.20/turn               m - ring of wizardry
MPRegen 0.08/turn               (no ring)

@: no status effects
A: fangs 1, strong nose, distributed training
a: no special abilities


You were on level 5 of the Dungeon.
You visited 1 branch of the dungeon, and saw 5 of its levels.

You collected 362 gold pieces.

Inventory:

Hand Weapons
 p - a +4 dagger
 v - the +8 mace "Gaeghoha" (weapon) {antimagic, *Slow rF+++ Int+3}
   (You found it on level 3 of the Dungeon)

   It reduces the magical energy of the wielder, and disrupts the spells and
   magical abilities of those it strikes.
   Natural abilities and divine invocations are not affected.
   Int:       It affects your intelligence (+3).
   rF:        It renders you almost immune to fire.
   *Slow:     It may slow you when you take damage.
Armour
 j - the +1 robe of Hairiness (worn) {rElec rC- Dex+6}
   (You found it on level 4 of the Dungeon)

   Dex:       It affects your dexterity (+6).
   rC:        It makes you vulnerable to cold.
   rElec:     It insulates you from electricity.
Magical Staves
 s - a staff of cold
Jewellery
 h - an amulet of the acrobat (around neck)
 m - a ring of wizardry (left hand)
Wands
 a - a wand of polymorph (6)
 d - a wand of flame (22)
 g - a wand of digging (3)
Scrolls
 b - 2 scrolls of blinking
 c - a scroll of fog
 e - 3 scrolls of teleportation
 n - a scroll of magic mapping
 r - 2 scrolls of poison
 t - a scroll of enchant armour
 u - a scroll of enchant weapon
 x - a scroll of amnesia {unknown}
 y - a scroll of immolation {unknown}
Potions
 f - a potion of haste
 l - a potion of degeneration {unknown}
 q - a potion of flight {unknown}
 w - a potion of curing {unknown}


   Skills:
 + Level 7.0 Fighting
 + Level 5.2 Short Blades
 + Level 2.3 Long Blades
 + Level 2.3 Axes
 + Level 2.3 Maces & Flails
 + Level 2.3 Polearms
 + Level 2.3 Staves
 + Level 2.3 Ranged Weapons
 + Level 2.3 Throwing
 + Level 2.3 Armour
 + Level 5.2 Dodging
 + Level 9.9 Stealth
 + Level 2.3 Shields
 + Level 2.3 Unarmed Combat
 + Level 2.3 Spellcasting
 + Level 1.9 Conjurations
 + Level 1.9 Hexes
 + Level 1.9 Summonings
 + Level 1.9 Necromancy
 + Level 1.9 Translocations
 + Level 1.9 Transmutations
 + Level 1.9 Fire Magic
 + Level 1.9 Ice Magic
 + Level 1.9 Air Magic
 + Level 1.9 Earth Magic
 + Level 1.9 Poison Magic
 + Level 2.6 Invocations
 + Level 2.3 Evocations


You had 7 spell levels left.
You knew the following spells:

 Your Spells              Type           Power      Damage    Failure   Level
a - Stone Arrow           Conj/Erth      12%        3d7       14%         3

Your spell library contained the following spells:

 Spells                   Type           Power      Damage    Failure   Level
 Sting                    Tmut/Pois      24%        1d4       4%          1
 Summon Small Mammal      Summ           24%        N/A       4%          1
 Blink                    Tloc           12%        N/A       8%          2
 Poisonous Vapours        Pois/Air       12%        N/A       8%          2
 Call Canine Familiar     Summ           6%         N/A       14%         3
 Confusing Touch          Hex            6%         N/A       14%         3
 Lesser Beckoning         Tloc           6%         N/A       14%         3
 Summon Guardian Golem    Hex/Summ       6%         N/A       14%         3
 Animate Armour           Summ/Erth      12%        N/A       41%         4
 Olgreb's Toxic Radiance  Pois           6%         N/A       41%         4
 Manifold Assault         Tloc           6%         N/A       75%         5
 Yara's Violent Unravell  Hex/Tmut       3%         3d4       75%         5
 Enfeeble                 Hex            3%         N/A       100%        7
 Lehudib's Crystal Spear  Conj/Erth      3%         10d2      100%        8


Dungeon Overview and Level Annotations

Branches:
Dungeon (5/15)
 Temple: D:4-7

Altars:
Cheibriados
Uskayaw

Shops:
D:3 (


Innate Abilities, Weirdness & Mutations

You have very sharp teeth.
Your uncanny sense of smell can sniff out nearby items.
Your experience applies equally to all skills.


Message History

A troll is nearby!
The troll completely misses you. The troll misses you.
The troll claws you but does no damage.
Press: ? - help, v - describe, . - travel
Here: a troll The floor.
You completely miss the troll. The troll barely misses you.
The troll claws you. The troll barely misses you. The troll bites you.
The troll barely misses you. The troll completely misses you.
You hit the troll.
The troll is lightly wounded.
The troll misses you. x2; The troll claws you!
You thump the troll! You bite the troll, but do no damage.
The troll is moderately wounded.
The troll barely misses you. The troll closely misses you. The troll claws you!
Sorry, you're not good enough to have a special ability.
Casting: Stone Arrow (dangerous; 14% risk of failure)
Confirm with . or Enter, or press ? or * to list all spells.
Okay, then.
Casting: Stone Arrow (dangerous; 14% risk of failure)
Confirm with . or Enter, or press ? or * to list all spells.
Aiming: Stone Arrow (dangerous; 14% risk of failure)
Press: ? - help, Shift-Dir - straight line, f - troll
Aim: a troll (moderately wounded, 64% to hit)
The stone arrow misses the troll.
The troll bites you but does no damage. The troll claws you!
The troll barely misses you.
Unknown command.
Casting: Stone Arrow (dangerous; 14% risk of failure)
Confirm with . or Enter, or press ? or * to list all spells.
You don't have enough magic to cast this spell.
Unknown command.
Unknown command.
You closely miss the troll. Your bite misses the troll.
The troll is moderately wounded.
The troll bites you!
* * * LOW HITPOINT WARNING * * *
The troll misses you. The troll claws you!
* * * LOW HITPOINT WARNING * * *
The troll bites you.
You die...

#...............⌠. ...
...).........#... ... ...
.............#.# ... #..
......†........# .⌠.# #..
.............#.###...###..
..........................
#######......#.#.##.##...>
#.###.$#.#.##.##....
#.#@................
......T.................
......#.#...............
......#.##.#.####.##.#..
......#.##.#.# #.##.#..
##### #.##.#.# ##.##....
#.###..###........ ...
.)............
..............


You could see a troll.

Vanquished Creatures
  An ice beast (D:4)
  A centaur (D:5)
  A bullfrog (D:4)
  An iguana (D:5)
  An orc wizard (D:3)
  Robin (D:4)
  8 adders
  2 worms (D:2)
  8 dart slugs
  4 orcs (D:3)
  7 ball pythons
  10 endoplasms
  4 giant cockroaches
  16 goblins
  6 hobgoblins
  5 kobolds
  5 quokkas
  8 bats
  4 frilled lizards
  3 rats
96 creatures vanquished.

Vanquished Creatures (others)
  An orc wizard (D:3)
  10 plants (D:3)
11 creatures vanquished.

Grand Total: 107 creatures vanquished

Notes
Turn   | Place    | Note
-------+----------+-------------------------------------------
     0 | D:5      | Reached skill level 9 in Stealth
     0 | D:5      | leafyfresh the Gnoll Delver began the quest for the Orb.
     0 | D:5      | Reached XP level 1. HP: 23/23 MP: 1/1
   107 | D:4      | Identified the +1 robe of Hairiness {rElec rC- Dex+6}
   208 | D:4      | Noticed Robin
   216 | D:4      | Noticed an ice beast
   479 | D:2      | Reached XP level 2. HP: 26/29 MP: 2/2
   774 | D:2      | Reached XP level 3. HP: 35/35 MP: 3/3
  1100 | D:2      | Reached skill level 1 in Invocations
  1623 | D:1      | Reached skill level 1 in Long Blades
  1623 | D:1      | Reached skill level 1 in Axes
  1623 | D:1      | Reached skill level 1 in Maces & Flails
  1623 | D:1      | Reached skill level 1 in Polearms
  1623 | D:1      | Reached skill level 1 in Staves
  1623 | D:1      | Reached skill level 1 in Ranged Weapons
  1623 | D:1      | Reached skill level 1 in Throwing
  1623 | D:1      | Reached skill level 1 in Armour
  1623 | D:1      | Reached skill level 1 in Shields
  1623 | D:1      | Reached skill level 1 in Unarmed Combat
  1623 | D:1      | Reached skill level 1 in Spellcasting
  1623 | D:1      | Reached skill level 1 in Evocations
  1817 | D:1      | Reached XP level 4. HP: 36/41 MP: 5/5
  2442 | D:1      | Learned a level 3 spell: Stone Arrow
  2574 | D:3      | Reached skill level 1 in Conjurations
  2574 | D:3      | Reached skill level 1 in Hexes
  2574 | D:3      | Reached skill level 1 in Summonings
  2574 | D:3      | Reached skill level 1 in Necromancy
  2574 | D:3      | Reached skill level 1 in Translocations
  2574 | D:3      | Reached skill level 1 in Transmutations
  2574 | D:3      | Reached skill level 1 in Fire Magic
  2574 | D:3      | Reached skill level 1 in Ice Magic
  2574 | D:3      | Reached skill level 1 in Air Magic
  2574 | D:3      | Reached skill level 1 in Earth Magic
  2574 | D:3      | Reached skill level 1 in Poison Magic
  2829 | D:3      | Reached XP level 5. HP: 47/47 MP: 7/7
  2940 | D:3      | Found a hide-covered altar of Uskayaw.
  3007 | D:3      | Identified the +8 mace "Gaeghoha" {antimagic, *Slow rF+++
                  | Int+3}
  3260 | D:3      | Found Maapn's Antique Weapon Shop.
  3690 | D:4      | Reached XP level 6. HP: 46/53 MP: 2/8
  3799 | D:4      | Killed Robin
  4092 | D:4      | Reached skill level 5 in Short Blades
  4092 | D:4      | Reached skill level 5 in Dodging
  4206 | D:4      | Killed an ice beast
  4762 | D:4      | Found a snail-covered altar of Cheibriados.
  5059 | D:5      | Reached XP level 7. HP: 56/60 MP: 3/10
  5167 | D:5      | Noticed a troll
  5176 | D:5      | Slain by a troll

Illustrated notes

Levels and vault maps discovered:
D:1:      spicycebolla_arrival_xxxplode, layout_basic, minmay_liquid_box
D:2:      layout_loops_corners
D:3:      minmay_chambers_of_twos, layout_basic, mainiacjoe_overflow_alcove_2,
          serial_shops, shop, serial_bayou_lagoon_b
D:4:      layout_rooms, general_overflow_altar, uniq_robin
D:5:      layout_basic, minmay_temple_entry_junction

Skill      XL: |  1  2  3  4  5  6 |
---------------+-------------------+-----
Stealth        | |  9.9
Invocations    | 1 2 |  2.6
Long Blades    | 1 2 |  2.3
Axes           | 1 2 |  2.3
Maces & Flails | 1 2 |  2.3
Polearms       | 1 2 |  2.3
Staves         | 1 2 |  2.3
Ranged Weapons | 1 2 |  2.3
Throwing       | 1 2 |  2.3
Armour         | 1 2 |  2.3
Shields        | 1 2 |  2.3
Unarmed Combat | 1 2 |  2.3
Spellcasting   | 1 2 |  2.3
Evocations     | 1 2 |  2.3
Conjurations   | 1 |  1.9
Hexes          | 1 |  1.9
Summonings     | 1 |  1.9
Necromancy     | 1 |  1.9
Translocations | 1 |  1.9
Transmutations | 1 |  1.9
Fire Magic     | 1 |  1.9
Ice Magic      | 1 |  1.9
Air Magic      | 1 |  1.9
Earth Magic    | 1 |  1.9
Poison Magic   | 1 |  1.9
Short Blades   | 5 |  5.2
Dodging        | 5 |  5.2
Fighting       | 7 |  7.0

Action                   |  1- 3 |  4- 6 |  7- 9 || total
-------------------------+-------+-------+-------++-------
Melee: Long sword        |    47 |    10 |       ||    57
       Bite              |     5 |    19 |     3 ||    27
       Punch             |     1 |     1 |       ||     2
       Dagger            |       |    58 |       ||    58
       Mace              |       |    60 |     9 ||    69
 Cast: Stone Arrow       |       |       |     1 ||     1
  Use: Scroll            |     2 |     5 |       ||     7
       Potion            |       |     1 |       ||     1
 Stab: Sleeping          |    18 |    15 |       ||    33
Armor: Robe              |     6 |    31 |     2 ||    39
Dodge: Dodged            |    22 |   140 |    16 ||   178
